AoeStats
← Happy-Pangolin-5

Arabia

510219608Analyzed
1v1 RM · 3d ago on Sep 30, 2026· 46m 7s· 2 players
Game mode
Random Map
Map size
Tiny (2 player)
Population
200
Speed
Normal
Resources
Standard
Victory
Conquest
Starting age
Dark Age
Ending age
Imperial Age
RankedLock teamsTeams togetherTeam positionsShared explorationLock speedFull tech treeHidden civsTurbo modeCheats
Victory
Defeat
🇺🇸 Franks · United States
958
+15
🇨🇦 Danes · Canada
939
-15
Prince_of_Persia
8:12 Loom
10:46 Feudal Age
10:48 Man-at-Arms
15:47 Forging
18:11 Scale Mail Armor
19:38 Fletching
22:08 Wheelbarrow
25:07 Castle Age
24:29 Padded Archer Armor
24:25 Double-Bit Axe
24:22 Horse Collar
25:13 Scale Barding Armor
26:07 Heavy Plow
26:14 Town Watch
26:34 Pikeman
31:25 Iron Casting
34:18 Chain Mail Armor
34:29 Squires
35:52 Gambesons
38:32 Ballistics
38:10 Bodkin Arrow
39:02 Thumb Ring
39:51 Bow Saw
41:10 Masonry
43:02 Hamask
44:06 Husbandry
Happy-Pangolin-5
5:41 Loom
10:08 Feudal Age
10:50 Double-Bit Axe
22:14 Castle Age
21:59 Scale Barding Armor
22:42 Forging
23:48 Chain Barding Armor
33:44 Ballistics
37:12 Wheelbarrow
36:56 Husbandry
41:04 Imperial Age
39:44 Iron Casting
39:08 Fletching
40:55 Hand Cart
41:16 Cavalier
43:45 Conscription
44:24 Heavy Scorpion
45:57 Plate Barding Armor
Connection lost

Rejoining the realm…

Still unreachable

The connection could not be restored.

Session expired

The server has moved on; the page needs a fresh start.